 Dungeon Crawl Stone Soup version 0.19-a0-475-gfca3800 (webtiles) character file.

2011 wvc the Cleaver (level 9, 8/67 HPs)
             Began as a Hill Orc Wanderer on June 4, 2016.
             Quit the game on level 7 of the Dungeon.
             The game lasted 00:10:52 (6962 turns).

wvc the Cleaver (Hill Orc Wanderer)                 Turns: 6962, Time: 00:10:53

Health: 8/67       AC:  7    Str: 18    XL:     9   Next: 22%
Magic:  9/9        EV: 16    Int:  8    God:
Gold:   310        SH:  0    Dex: 17    Spells: 0 memorised, 8 levels left

rFire  . . .     SeeInvis .     y - +1 hand axe (chop)
rCold  . . .     Gourm    .     q - +0 ring mail
rNeg   . . .     Faith    .     (no shield)
rPois  .         Spirit   .     (no helmet)
rElec  .         Dismiss  .     A - +1 cloak
rCorr  .         Reflect  .     (no gloves)
SustAt .         Harm     .     (no boots)
MR     .....                    (no amulet)
Stlth  +.........               a - +5 ring of evasion
                                i - +5 ring of dexterity

@: not resistant to hostile enchantments, very unstealthy
A: dopey 2, strong 1
a: no special abilities


You were on level 7 of the Dungeon.
You were not hungry.

You visited 1 branch of the dungeon, and saw 7 of its levels.

You collected 310 gold pieces.

Inventory:

Hand Weapons
 c - a +0 hand crossbow
 y - a +1 hand axe of chopping (weapon)
Missiles
 b - 42 poisoned needles
 d - 86 bolts
 r - 17 tomahawks (quivered)
Armour
 q - a +0 ring mail (worn)
 A - a +1 cloak (worn)
Jewellery
 a - a +5 ring of evasion (right hand)
 i - a +5 ring of dexterity (left hand)
Wands
 o - a wand of flame (0/48)
 s - a wand of slowing (35/48)
Scrolls
 g - a scroll of blinking
 h - a scroll of immolation
 k - 5 scrolls of remove curse
 t - 2 scrolls of enchant armour
 z - a scroll of identify
Potions
 e - 3 potions of brilliance
 j - a potion of curing
 m - a potion of might
 u - 3 potions of flight
 w - 3 potions of lignification
 x - a potion of ambrosia {unknown}
Books
 l - a book of Dreams

   Spells                             Type                      Level
   a - Ensorcelled Hibernation        Hexes/Ice                    2
   b - Silence                        Hexes/Air                    5
   c - Darkness                       Hexes                        6
   d - Shadow Creatures               Summoning                    6
 n - a book of the Dragon

   Spells                             Type                      Level
   a - Flame Tongue                   Conjuration/Fire             1
   b - Cause Fear                     Hexes                        4
   c - Bolt of Fire                   Conjuration/Fire             6
   d - Dragon Form                    Transmutation                7
   e - Dragon's Call                  Summoning                    9
 p - a book of Alchemy

   Spells                             Type                      Level
   a - Sublimation of Blood           Necromancy                   2
   b - Ignite Poison                  Fire/Transmutation/Poison    3
   c - Petrify                        Transmutation/Earth          4
   d - Alistair's Intoxication        Transmutation/Poison         5
   e - Irradiate                      Conjuration/Transmutation    5
 v - a book of Frost

   Spells                             Type                      Level
   a - Freeze                         Ice                          1
   b - Throw Frost                    Conjuration/Ice              2
   c - Ozocubu's Armour               Charms/Ice                   3
   d - Throw Icicle                   Conjuration/Ice              4
   e - Summon Ice Beast               Ice/Summoning                4
Comestibles
 f - 6 bread rations
 B - a chunk of flesh


   Skills:
 - Level 2.0 Fighting
 + Level 14.3 Axes
 - Level 1.7 Crossbows
 - Level 1.0 Throwing
 - Level 3.2 Armour
 - Level 1.7 Dodging
 - Level 1.0 Stealth


You had 8 spell levels left.
You didn't know any spells.

Dungeon Overview and Level Annotations

Branches:
Dungeon (7/15)
 Temple: D:4-7

Altars:
Elyvilon
Fedhas
Gozag
Hepliaklqana
Kikubaaqudgha
Pakellas
Zin
The Shining One

Annotations:
D:7 Kenran's ghost, novice TrMo


Innate Abilities, Weirdness & Mutations

You are very dopey. (Int -4)
Your muscles are strong. (Str +2)


Message History

You kill the ooze!
You hit Kenran's ghost but do no damage.
You hit Kenran's ghost but do no damage.
Kenran's ghost barely misses you.
The orc wizard points at you and mumbles some strange words.
The magic dart hits you!
You hit Kenran's ghost but do no damage.
Kenran's ghost hits you!!
You hit Kenran's ghost but do no damage.
You barely miss Kenran's ghost. Kenran's ghost hits you!!
* * * LOW HITPOINT WARNING * * *
You are too injured to fight recklessly!
You are too injured to fight recklessly!
The orc wizard closely misses you.
The orc wizard points at you and mumbles some strange words.
The magic dart hits you!
* * * LOW HITPOINT WARNING * * *
The orc wizard hits you but does no damage.
The orc wizard misses you.
Are you sure you want to abandon this character and quit the game? (Confirm with "yes".)

##..##......
#..## W....
#..# ....
##.## ...
#).# .. #)##
. ##.#
######oW#
###.....@##
.........#
....####.#
### #.# #.##
#..# #..#
##)# #.#


You could see an orc wizard and Kenran's ghost.

Vanquished Creatures
  Duvessa (D:6)
  An orc warrior (D:6)
  5 ogres
  4 centaurs
  Blork the orc (D:6)
  A giant frog (D:7)
  A gnoll sergeant (D:6)
  Dowan (D:6)
  2 scorpions
  A howler monkey (D:5)
  2 crimson imps (D:5)
  A jelly (D:7)
  2 quasits
  An orc priest (D:4)
  2 hounds
  Crazy Yiuf (D:6)
  5 orc wizards
  A worker ant (D:4)
  A hound skeleton (D:6)
  5 adders
  5 gnolls (D:6)
  A shadow imp (D:5)
  2 oozes
  An adder skeleton (D:4)
  3 worms
  2 dart slugs
  4 giant geckos
  16 orcs
  5 giant cockroaches
  4 goblins
  6 hobgoblins
  7 jackals
  9 kobolds
  6 quokkas
  6 bats
  A giant gecko skeleton (D:4)
  A giant newt (D:4)
  A quokka zombie (D:6)
  11 rats
130 creatures vanquished.

Vanquished Creatures (others)
  3 fungi (D:4)
3 creatures vanquished.

Grand Total: 133 creatures vanquished

Notes
Turn   | Place    | Note
--------------------------------------------------------------
     0 | D:1      | wvc the Hill Orc Wanderer began the quest for the Orb.
     0 | D:1      | wvc set off with: a +2 hand axe, a +0 mace, a +0 hand crossbow, 30 bolts, a +0 robe, a bread ration
     0 | D:1      | Reached XP level 1. HP: 16/16 MP: 1/1
    97 | D:1      | Reached skill level 3 in Axes
   133 | D:1      | Reached XP level 2. HP: 16/23 MP: 2/2
   375 | D:1      | Reached skill level 1 in Dodging
   693 | D:1      | Reached XP level 3. HP: 25/28 MP: 3/3
   834 | D:2      | Found an oddly glowing altar of Pakellas.
   992 | D:2      | Reached skill level 4 in Axes
  1847 | D:2      | Reached XP level 4. HP: 36/36 MP: 4/4
  2404 | D:3      | Found a glowing golden altar of the Shining One.
  2816 | D:4      | Reached skill level 5 in Axes
  2816 | D:4      | Reached XP level 5. HP: 31/41 MP: 5/5
  3018 | D:4      | Found an ancient bone altar of Kikubaaqudgha.
  3199 | D:4      | Reached skill level 6 in Axes
  3229 | D:4      | Found a blossoming altar of Fedhas.
  3271 | D:4      | Found a hazy altar of Hepliaklqana.
  3342 | D:5      | Entered Level 5 of the Dungeon
  3428 | D:5      | Reached skill level 7 in Axes
  3428 | D:5      | Reached XP level 6. HP: 36/48 MP: 6/6
  3753 | D:5      | Reached skill level 8 in Axes
  3869 | D:5      | Reached XP level 7. HP: 39/55 MP: 7/7
  3881 | D:5      | Reached skill level 9 in Axes
  4245 | D:5      | Reached skill level 10 in Axes
  4794 | D:6      | Noticed Dowan
  4795 | D:6      | Noticed Duvessa
  4805 | D:6      | Gained mutation: Your muscles are strong. (Str +2) [potion of mutation]
  4805 | D:6      | Gained mutation: You are dopey. (Int -2) [potion of mutation]
  4805 | D:6      | Gained mutation: You are very dopey. (Int -4) [potion of mutation]
  4812 | D:6      | Killed Duvessa
  4812 | D:6      | Reached skill level 11 in Axes
  4812 | D:6      | Reached XP level 8. HP: 61/61 MP: 8/8
  4814 | D:6      | Killed Dowan
  5121 | D:6      | Reached skill level 12 in Axes
  5470 | D:6      | Found a white marble altar of Elyvilon.
  6273 | D:6      | Noticed Blork the orc
  6284 | D:6      | Killed Blork the orc
  6292 | D:6      | Reached skill level 13 in Axes
  6444 | D:6      | Reached XP level 9. HP: 54/67 MP: 9/9
  6454 | D:6      | Found a glowing silver altar of Zin.
  6454 | D:6      | Found an opulent altar of Gozag.
  6659 | D:6      | Noticed Crazy Yiuf
  6667 | D:6      | Killed Crazy Yiuf
  6759 | D:7      | Reached skill level 14 in Axes
  6929 | D:7      | Noticed Kenran's ghost (novice TrMo)
  6962 | D:7      | Quit the game

Vault maps used:
D:1:      eino_arrival_water_cross
D:2:      serial_forest, infiniplex_forest_zigzag_2, infiniplex_forest_lined_2,
          infiniplex_forest_lined_2, infiniplex_forest_lined_3_way,
          infiniplex_forest_straight_5, infiniplex_forest_end_3,
          infiniplex_forest_lined_room_, minmay_misc_feat_pillars,
          lemuel_tele_altar
D:3:      overflow_temple_1_default, first_bread
D:4:      kennysheep_big_flooded_room, old_standard_altar, kennysheep_mini,
          minmay_misc_feat_encased, fedhas_altar_3
D:6:      grunt_temple_overflow_gold_and_silver, basic_altar, uniq_duvessa,
          uniq_crazy_yiuf_cottage, uniq_blork_the_orc
D:7:      minmay_temple_entry_grid, grunt_ogre_cave

Skill      XL: |  1  2  3  4  5  6  7  8  9 |
---------------+----------------------------+-----
Axes           | 3 4 5 7 8 11 13 14 | 14.3
Dodging        | 1 |  1.7
Fighting       | 2 |  2.0
Crossbows      | |  1.7
Throwing       | |  1.0
Armour         | |  3.2
Stealth        | |  1.0

Action                   |  1- 3 |  4- 6 |  7- 9 || total
-------------------------+-------+-------+-------++-------
Melee: Hand axe          |    95 |   137 |   251 ||   483
Throw: Tomahawk          |       |     5 |     6 ||    11
Evoke: Wand              |       |     1 |    14 ||    15
  Use: Scroll            |       |    11 |     2 ||    13
       Potion            |       |     2 |     5 ||     7
 Stab: Sleeping          |     2 |     2 |     2 ||     6
  Eat: Beef jerky        |     2 |       |       ||     2
       Meat ration       |       |     1 |     1 ||     2
       Chunk             |       |     1 |       ||     1
       Fruit             |       |       |     5 ||     5
       Royal jelly       |       |       |     1 ||     1
Armor: Robe              |     3 |       |       ||     3
       Leather armour    |    13 |    17 |    22 ||    52
       Skin              |       |       |    15 ||    15
       Ring mail         |       |       |    14 ||    14
Dodge: Dodged            |    62 |    97 |   132 ||   291
